 Dungeon Crawl Stone Soup version 0.18-a0-1126-ga2d7f46 (webtiles) character file.

59 lysy the Firebug (level 3, -2/19 HPs)
             Began as a Deep Elf Fire Elementalist on Jan 20, 2016.
             Slain by Sigmund
             ... wielding a +0 scythe
              (11 damage)
             ... on level 2 of the Dungeon.
             The game lasted 00:04:53 (1831 turns).

lysy the Firebug (Deep Elf Fire Elementalist)       Turns: 1831, Time: 00:04:53

Health: -2/19      AC:  4    Str:  5    XL:     3   Next: 78%
Magic:  6/9        EV: 12    Int: 19    God:
Gold:   123        SH:  0    Dex: 16    Spells: 1 memorised, 7 levels left

rFire  . . .     SeeInvis .     p - +1 dagger (venom)
rCold  . . .     Gourm    .     k - +0 leather armour
rNeg   . . .     Faith    .     (no shield)
rPois  .         Spirit   .     (no helmet)
rElec  .         Dismiss  .     (no cloak)
rCorr  .         Reflect  .     (no gloves)
SustAt .         Harm     .     g - +0 pair of boots
MR     .....                    (no amulet)
Stlth  ++........               (no ring)
                                (no ring)

@: very slightly contaminated, not resistant to hostile enchantments, unstealthy
A: no striking features
a: no special abilities


You were on level 2 of the Dungeon.
You were not hungry.

You visited 1 branch of the dungeon, and saw 2 of its levels.

You collected 123 gold pieces.


   Skills:
 - Level 2.4 Dodging
 - Level 2.4 Stealth
 - Level 3.0 Spellcasting
 + Level 2.9 Conjurations
 + Level 4.3 Fire Magic


You had 7 spell levels left.
You knew the following spells:

 Your Spells              Type           Power        Failure   Level  Hunger
z - Flame Tongue          Conj/Fire      ###..        8%          1    None

Inventory:

Hand Weapons
 f - a +0 dagger
 p - a +1 dagger of venom (weapon)
Missiles
 d - 72 stones (quivered)
Armour
 a - a +0 robe
 g - a +0 pair of boots (worn)
 k - a +0 leather armour (worn)
Wands
 u - a wand of random effects (27/48)
Scrolls
 e - 4 scrolls of remove curse {unknown}
 i - a scroll of teleportation {unknown}
 j - a scroll of identify {unknown}
 n - a scroll of immolation {unknown}
 o - a scroll of amnesia {unknown}
Potions
 h - a potion of ambrosia {unknown}
 l - 2 potions of curing {unknown}
 m - a potion of flight {unknown}
 r - a potion of magic {unknown}
 s - a potion of poison {unknown}
 t - a potion of heal wounds {unknown}
Books
 b - a book of Flames

   Spells                             Type                      Level
   a - Flame Tongue                   Conjuration/Fire             1
   b - Throw Flame                    Conjuration/Fire             2
   c - Conjure Flame                  Conjuration/Fire             3
   d - Inner Flame                    Hexes/Fire                   3
   e - Sticky Flame                   Conjuration/Fire             4
   f - Fireball                       Conjuration/Fire             5
Comestibles
 c - 2 bread rations
 q - 2 chunks of flesh

Dungeon Overview and Level Annotations

Branches:
Dungeon (2/15)

Altars:
Xom

Annotations:
D:2 Sigmund

▒▒▒..........▒▒▒▒
▒ ▒.▒▒▒▒........▒
▒.▒ ▒.▒.▒▒▒▒<▒
▒▒▒.▒ ▒.▒.▒ ▒.▒
▒...▒▒▒▒.▒.▒▒▒▒.▒
▒.▒.............▒
▒.▒▒▒▒▒▒.▒..▒▒▒.▒
▒.▒ ▒.▒..▒
▒.▒▒▒▒.▒ ▒.▒
▒.▒..▒ ▒.e.@..▒
▒.▒
▒.▒..▒▒▒.▒▒▒▒▒▒
▒.▒ ▒...>....▒
..▒ ▒▒▒..▒▒▒▒▒
..▒ ▒..▒▒▒▒ ..▒
▒.....▒ ..▒
▒.▒▒▒.▒ .▒▒
▒.▒▒▒.▒▒▒▒▒ ▒▒
▒.........▒


You could see Sigmund.


Message History

d - 67 stones (gained 1)
d - 69 stones (gained 2)
d - 71 stones (gained 2)
d - 72 stones (gained 1) Eating one of 3 chunks of flesh.
Found an escape hatch in the floor.
There is an escape hatch in the floor here.
Found a stone staircase leading down.
Sigmund the Dreaded comes into view.
He is wielding a scythe.
Sigmund shouts!
You can't see any susceptible monsters within range! (Use Z to cast anyway.)
Aiming: Flame Tongue
Aim: Sigmund, wielding a scythe and wearing a glowing robe The flame tongue hits Sigmund.
Sigmund is lightly wounded.
Aiming: Flame Tongue
Aim: Sigmund, wielding a scythe and wearing a glowing robe (lightly wounded)
You miscast Flame Tongue.
You are very lightly contaminated with residual magic.
Nothing appears to happen.
Sigmund hits you from afar with a scythe!
Ouch! That really hurt!
* * * LOW HITPOINT WARNING * * *
Aiming: Flame Tongue
Aim: Sigmund, wielding a scythe and wearing a glowing robe (lightly wounded)
The flame tongue hits Sigmund.
Sigmund is moderately wounded.
Sigmund hits you from afar with a scythe!
Ouch! That really hurt!
You die...

Action                   || total
-------------------------++-------
Melee: Dagger            ||    10
Throw: Stone             ||    25
 Cast: Flame Tongue      ||    62
 Stab: Sleeping          ||     3
  Eat: Chunk             ||     3

Vault maps used:
D:1:      lightli_arrival_isolated_outpost, serial_forest,
          infiniplex_forest_lined_2, infiniplex_forest_lined_ring,
          infiniplex_forest_straight_3, infiniplex_forest_3_way,
          infiniplex_forest_clump_C, infiniplex_forest_end_2
D:2:      xom_butterflies, first_bread, uniq_sigmund

Notes
Turn   | Place    | Note
--------------------------------------------------------------
     0 | D:1      | lysy the Deep Elf Fire Elementalist began the quest for the Orb.
     0 | D:1      | Reached XP level 1. HP: 10/10 MP: 6/6
   287 | D:1      | Reached XP level 2. HP: 15/15 MP: 0/8
   671 | D:1      | Reached skill level 2 in Conjurations
  1007 | D:1      | Reached skill level 4 in Fire Magic
  1250 | D:2      | Reached XP level 3. HP: 12/19 MP: 5/9
  1542 | D:2      | Found a shimmering altar of Xom.
  1827 | D:2      | Noticed Sigmund
  1831 | D:2      | Slain by Sigmund

Vanquished Creatures
  2 adders (D:2)
  2 worms (D:2)
  A giant gecko (D:1)
  8 bats
  A giant cockroach (D:1)
  2 goblins (D:1)
  3 hobgoblins
  4 jackals (D:1)
  5 kobolds (D:1)
  A quokka (D:2)
  A giant newt (D:1)
  A rat (D:1)
  A butterfly (D:2)
32 creatures vanquished.
